 Dungeon Crawl Stone Soup version 0.26.1-2-gb8aa6d0cf2 (webtiles) character file.

Game seed: 15263404154246229402

86 Thatpatchoflichen the Conjurer (level 4, -6/23 HPs)
             Began as a Vine Stalker Conjurer on Mar 20, 2021.
             Mangled by an iguana (10 damage)
             ... on level 3 of the Dungeon.
             The game lasted 00:08:26 (3083 turns).

Thatpatchoflichen the Conjurer (VSCj)               Turns: 3083, Time: 00:08:27

Health: -6/23      AC:  2    Str: 10    XL:     4   Next: 50%
Magic:  0/10       EV: 12    Int: 18    God:
Gold:   184        SH:  0    Dex: 13    Spells: 9/10 levels left

rFire    . . .     SeeInvis .   (no weapon)
rCold    . . .     Faith    .   (no shield)
rNeg     . . .     Spirit   +   a - +0 robe
rPois    .         Reflect  .   (no helmet)
rElec    .         Harm     .   (no cloak)
rCorr    .         Rampage  .   (no gloves)
Will     .....                  (no boots)
Stlth    ++........             (no amulet)
HPRegen  0.47/turn              (no ring)
MPRegen  0.12/turn              (no ring)

@: no status effects
A: fangs 2, regeneration 1, magic shield, antimagic bite, no potion heal 3
a: no special abilities


You were on level 3 of the Dungeon.
You visited 1 branch of the dungeon, and saw 4 of its levels.

You collected 184 gold pieces.

Inventory:

Armour
 a - a +0 robe (worn)
 h - a +0 leather armour of willpower
Scrolls
 b - a scroll of identify {unknown}
 d - 3 scrolls of teleportation {unknown}
 e - a scroll of magic mapping {unknown}
 f - a scroll of immolation {unknown}
 g - a scroll of enchant weapon {unknown}
 j - a scroll of fog {unknown}
 m - a scroll of enchant armour {unknown}
Potions
 c - a potion of brilliance {unknown}
 i - 2 potions of curing {unknown}
 k - a potion of attraction {unknown}
 l - a potion of lignification {unknown}
 n - a potion of heal wounds {unknown}


   Skills:
 + Level 2.4 Fighting
 - Level 1.5 Dodging
 - Level 2.4 Stealth
 + Level 3.6 Spellcasting
 - Level 4.0 Conjurations


You had 9 spell levels left.
You knew the following spells:

 Your Spells              Type           Power        Failure   Level
a - Magic Dart            Conj           68%          3%          1

Your spell library contained the following spells:

 Spells                   Type           Power        Failure   Level
 Searing Ray              Conj           34%          4%          2
 Dazzling Flash           Conj/Hex       20%          21%         3
 Fulminant Prism          Conj/Hex       5%           56%         4
 Iskenderun's Mystic Bla  Conj/Tloc      10%          56%         4


Dungeon Overview and Level Annotations

Branches:
Dungeon (4/15)
 Temple: D:4-7

Altars:
Trog


Innate Abilities, Weirdness & Mutations

You have extremely sharp teeth.
Your natural rate of healing is unusually fast.
When hurt, damage is shared between your health and your magic reserves.
Your bite disrupts and absorbs the magic of your enemies.
Potions cannot restore your health.


Message History

Aim: an iguana (0% to evade)
The magic dart hits the iguana.
The iguana is heavily wounded.
The iguana misses you.
Aiming: Magic Dart (safe; 3% risk of failure)
Press: ? - help, Q - select action Shift-Dir - straight line, f/p - iguana
Aim: an iguana (moderately wounded, 0% to evade)
The magic dart hits the iguana but does no damage.
The iguana is moderately wounded.
The iguana bites you.
Aiming: Magic Dart (safe; 3% risk of failure)
Press: ? - help, Q - select action Shift-Dir - straight line, f/p - iguana
Aim: an iguana (moderately wounded, 0% to evade)
The magic dart hits the iguana but does no damage.
The iguana is moderately wounded.
The iguana bites you! The iguana bites you!
* * * LOW HITPOINT WARNING * * *
The iguana bites you!
You die...

.# #..# #.........# .## #..#
#.........## ..##
#..#########'###'##<#
...####........###.###.##.####.##
....(..........+.................
####'..##......#.#.##..##.####.##
....#..###.#####.#.##..##.#
##'.#..# #..# #.#.....##.#
..#.#..# ##.####@####.###.#
#.#(#..# #..##.l# #.# #.#.#..#
##.##..### #.#
..#.#..#####.#...'.+ #.#
##'.#..+.........### #.#
....#..#####.....### #.#
####'.....##.....+J+
..........##.....###
###.##....##.#...###


You could see an iguana.

Vanquished Creatures
  4 adders
  An ooze (D:1)
  An orc (D:2)
  6 bats
  3 giant cockroaches (D:1)
  6 goblins
  7 hobgoblins
  3 quokkas (D:2)
  A ball python (D:2)
  4 frilled lizards
  3 kobolds
  7 rats
46 creatures vanquished.

Notes
Turn   | Place    | Note
-------+----------+-------------------------------------------
     0 | D:1      | Thatpatchoflichen the Vine Stalker Conjurer began the quest
                  | for the Orb.
     0 | D:1      | Reached XP level 1. HP: 9/9 MP: 4/4
     3 | D:1      | Noticed an electric eel
     4 | D:1      | Noticed an electric eel
   366 | D:1      | Reached XP level 2. HP: 14/14 MP: 1/6
   438 | D:1      | Reached skill level 1 in Fighting
  1342 | D:2      | Reached XP level 3. HP: 18/18 MP: 4/8
  1763 | D:2      | Found a bloodstained altar of Trog.
  2537 | D:3      | Gained mutation: Your natural rate of healing is unusually
                  | fast. [Vine Stalker growth]
  2537 | D:3      | Reached XP level 4. HP: 23/23 MP: 5/10
  3083 | D:3      | Mangled by an iguana

Illustrated notes

Levels and vault maps discovered:
D:1:      arrival_aquarium_b, layout_basic
D:2:      layout_basic, trog_butcher_becter
D:3:      layout_basic, nzn_overflow_gifts_of_might_and_magic, minivault_11,
          dk_xom_monty_hall
D:4:      cheibrodos_old_hovel, layout_cave_pools,
          chequers_temple_overflow_minitemple, tso_metal_star,
          okawaru_ov_weapons_minmay, serial_undead, serial_undead_f,
          serial_undead_b, serial_undead_b, serial_undead_f

Skill      XL: |  1  2  3 |
---------------+----------+-----
Fighting       | 1 2 |  2.4
Spellcasting   | 3 |  3.6
Dodging        | |  1.5
Stealth        | |  2.4
Conjurations   | |  4.0

Action                   |  1- 3 |  4- 6 || total
-------------------------+-------+-------++-------
Melee: Unarmed           |     1 |       ||     1
 Cast: Magic Dart        |    64 |    23 ||    87
Armor: Robe              |     2 |     2 ||     4
Dodge: Dodged            |     2 |     5 ||     7
